 Dungeon Crawl Stone Soup version 0.21-a0-634-gaf8bc5d (webtiles) character file.

121 Azzok the Magician (level 4, -2/24 HPs)
             Began as a Deep Elf Fire Elementalist on Dec 29, 2017.
             Slain by Grinder (4 damage)
             ... while paralysed by Grinder
             ... on level 3 of the Dungeon.
             The game lasted 00:05:10 (2359 turns).

Azzok the Magician (Deep Elf Fire Elementalist)     Turns: 2359, Time: 00:05:11

Health: -2/24      AC:  2    Str:  5    XL:     4   Next: 76%
Magic:  7/12       EV:  2    Int: 21    God:
Gold:   134        SH:  0    Dex: 15    Spells: 8/12 levels left

rFire    . . .     SeeInvis .   k - +0 quarterstaff
rCold    . . .     Gourm    .   (shield currently unavailable)
rNeg     . . .     Faith    .   a - +0 robe
rPois    .         Spirit   .   (no helmet)
rElec    .         Reflect  .   (no cloak)
rCorr    .         Harm     .   (no gloves)
MR       .....                  (no boots)
Stlth    ++........             (no amulet)
HPRegen  0.08/turn              (no ring)
MPRegen  0.13/turn              (no ring)

@: paralysed
A: no striking features
a: no special abilities


You were on level 3 of the Dungeon.
You were not hungry.

You visited 1 branch of the dungeon, and saw 3 of its levels.

You collected 134 gold pieces.

Inventory:

Hand Weapons
 e - a +0 short sword
 k - a +0 quarterstaff (weapon)
Armour
 a - a +0 robe (worn)
Jewellery
 n - a +5 ring of slaying {unknown}
Scrolls
 h - 5 scrolls of identify {unknown}
 i - 2 scrolls of immolation {unknown}
 m - a scroll of teleportation {unknown}
 o - 2 scrolls of blinking {unknown}
 q - a scroll of enchant armour {unknown}
 s - a scroll of magic mapping {unknown}
Potions
 d - 5 potions of curing {unknown}
 f - a potion of resistance {unknown}
 g - 2 potions of heal wounds {unknown}
 j - a potion of might {unknown}
 r - 2 potions of invisibility {unknown}
 t - a potion of haste {unknown}
Books
 b - a book of Flames

   Spells                             Type                      Level
   a - Flame Tongue                   Conjuration/Fire             1
   b - Throw Flame                    Conjuration/Fire             2
   c - Conjure Flame                  Conjuration/Fire             3
   d - Inner Flame                    Hexes/Fire                   3
   e - Sticky Flame                   Conjuration/Fire             4
   f - Fireball                       Conjuration/Fire             5
 l - a book of Changes

   Spells                             Type                      Level
   a - Beastly Appendage              Transmutation                1
   b - Sticks to Snakes               Transmutation                2
   c - Spider Form                    Transmutation/Poison         3
   d - Ice Form                       Ice/Transmutation            4
   e - Blade Hands                    Transmutation                5
Comestibles
 c - 4 rations
 p - 3 chunks of flesh


   Skills:
 - Level 2.4 Dodging
 - Level 2.4 Stealth
 + Level 4.5 Spellcasting
 + Level 3.0 Conjurations
 + Level 4.4 Fire Magic


You had 8 spell levels left.
You knew the following spells:

 Your Spells              Type           Power        Failure   Level  Hunger
a - Flame Tongue          Conj/Fire      ###..        2%          1    None
b - Conjure Flame         Conj/Fire      ###.....     8%          3    ##.....


Dungeon Overview and Level Annotations

Branches:
Dungeon (3/15)

Altars:

Annotations:
D:3 Grinder


Message History

Casting: Flame Tongue
Confirm with . or Enter, or press ? or * to list all spells.
Aiming: Flame Tongue
Press: ? - help, Shift-Dir - straight line, f/p - Grinder
Aim: Grinder (severely wounded)
The flame tongue hits Grinder.
Grinder appears unharmed.
Grinder is severely wounded.
Grinder blinks!
You see here an adder corpse.
You butcher the adder corpse.
You see here a chunk of flesh.
Grinder blinks!
Casting: Flame Tongue
Confirm with . or Enter, or press ? or * to list all spells.
You can't see any susceptible monsters within range! (Use Z to cast anyway.) Grinder gestures at you.
You suddenly lose the ability to move!
Grinder blinks!
Grinder hits you.
You die...

·▒·▒▒▒▒▒▒▒▒·▒·▒ ······▒
·▒·▒<·······▒·▒ ······▒
·▒·▒▒▒▒▒▒▒▒▒▒·▒ ▒·····▒
·▒·▒········▒·▒ ▒·····▒
·▒·▒·▒▒▒▒▒▒·▒·▒ ▒S·?··▒
··········▒·▒·▒ ▒·····▒
·▒·▒·▒▒▒▒·▒·▒·▒ ▒·····▒
·▒·▒·▒▒▒▒···▒·▒▒▒▒▒▒▒▒▒▒▒▒·····▒
··········§····5@·%······'··>··▒
·▒▒▒▒▒▒▒▒▒··▒·▒▒▒▒▒·▒····▒·····▒
············▒············╬···▒▒··
·▒▒▒▒▒▒▒▒▒▒·▒▒▒▒▒········▒▒··▒ ·
·▒ ▒·▒▒ ▒········▒ ··▒ ▒▒ ▒··▒
▒········▒ ··▒ ▒▒▒·▒▒▒▒········▒
··▒ ▒···············▒ ·▒
▒···········▒▒▒▒▒


You could see Grinder.

Vanquished Creatures
  A howler monkey (D:3)
  3 adders
  An ooze (D:2)
  A dart slug (D:1)
  3 leopard geckos
  7 bats
  A giant cockroach (D:2)
  6 goblins
  6 hobgoblins
  3 jackals (D:2)
  3 kobolds
  A quokka (D:2)
  A ball python (D:1)
  3 frilled lizards
  6 rats
46 creatures vanquished.

Notes
Turn   | Place    | Note
-------+----------+-------------------------------------------
     0 | D:1      | Azzok the Deep Elf Fire Elementalist began the quest for the Orb.
     0 | D:1      | Reached XP level 1. HP: 10/10 MP: 6/6
   405 | D:1      | Reached XP level 2. HP: 15/15 MP: 5/8
  1187 | D:2      | Reached XP level 3. HP: 19/19 MP: 7/10
  1952 | D:3      | Learned a level 3 spell: Conjure Flame
  2041 | D:3      | Reached XP level 4. HP: 24/24 MP: 8/12
  2334 | D:3      | Noticed Grinder
  2342 | D:3      | Paralysed by Grinder for 3 turns
  2351 | D:3      | HP: 1/24 [Grinder (10)]
  2357 | D:3      | Paralysed by Grinder for 4 turns
  2359 | D:3      | Slain by Grinder

Vault maps used:
D:1:      dpeg_arrival_pits
D:2:      first_ration
D:3:      uniq_grinder

Skill      XL: |  1  2  3  4 |
---------------+-------------+-----
Conjurations   | 2 3 |  3.0
Fire Magic     | 4 |  4.4
Spellcasting   | 4 |  4.5
Dodging        | |  2.4
Stealth        | |  2.4

Action                   |  1- 3 |  4- 6 || total
-------------------------+-------+-------++-------
Melee: Short sword       |     6 |       ||     6
       Quarterstaff      |     4 |       ||     4
 Cast: Flame Tongue      |    55 |    15 ||    70
 Stab: Sleeping          |     5 |       ||     5
  Eat: Chunk             |     2 |       ||     2
       Ration            |       |     1 ||     1
Armor: Robe              |     5 |     1 ||     6
Dodge: Dodged            |    10 |     3 ||    13

Table legend:
 A = Spawn XP
 B = Non-spawn XP
 C = Spawn XP percentage of total XP
 D = Spawn monster count
 E = Non-spawn monster count
 F = Spawn count percentage of total count
 G = Total turns spent on level
                    A         B        C        D         E        F      G
               +---------+---------+-------+---------+---------+-------+---------
         Total |       0 |     173 |   0.0 |       0 |      46 |   0.0 |  2359
               +---------+---------+-------+---------+---------+-------+---------
           D:1 |       0 |      33 |   0.0 |       0 |      18 |   0.0 |  1013
           D:2 |       0 |      44 |   0.0 |       0 |      15 |   0.0 |   796
           D:3 |       0 |      96 |   0.0 |       0 |      13 |   0.0 |   550
               +---------+---------+-------+---------+---------+-------+---------
